 Dungeon Crawl Stone Soup version 0.20.1-1-g8b1a95d (webtiles) character file.

224 Yam1 the Chopper (level 6, -5/52 HPs)
             Began as a Hill Orc Fighter on Sept 25, 2017.
             Killed from afar by an orc wizard (10 damage)
             ... with a puff of flame
             ... on level 4 of the Dungeon.
             The game lasted 00:27:54 (2675 turns).

Yam1 the Chopper (Hill Orc Fighter)                 Turns: 2675, Time: 00:27:55

Health: -5/52      AC:  7    Str: 21    XL:     6   Next: 0%
Magic:  6/6        EV:  8    Int:  8    God:
Gold:   68         SH:  9    Dex: 10    Spells: 5/5 levels left

rFire    . . .     SeeInvis .   a - +0 war axe
rCold    . . .     Gourm    .   c - +0 shield
rNeg     . . .     Faith    .   b - +0 scale mail
rPois    .         Spirit   .   (no helmet)
rElec    .         Reflect  .   (no cloak)
rCorr    .         Harm     .   (no gloves)
MR       .....                  (no boots)
Stlth    ..........             (no amulet)
Regen    0.2/turn               (no ring)
MPRegen  0.1/turn               (no ring)

@: no status effects
A: no striking features
a: no special abilities


You were on level 4 of the Dungeon.
You were very hungry.

You visited 1 branch of the dungeon, and saw 4 of its levels.

You collected 68 gold pieces.

Inventory:

Hand Weapons
 a - a +0 war axe (weapon)
 e - a +0 mace
 f - a +0 hunting sling
 k - a +0 hunting sling
 m - a +0 dagger
 n - a +0 dagger
 p - a +0 short sword
 q - a +0 whip
 r - a +0 hunting sling
 s - a +0 club
 t - a +0 hand axe
 v - a +0 hunting sling
 y - a +0 whip
 C - a +0 spear
 F - a +0 hand axe
Missiles
 i - 14 arrows
 j - 32 bolts
 l - 81 stones (quivered)
Armour
 b - a +0 scale mail (worn)
 c - a +0 shield (worn)
 w - a +1 cloak
 D - a +0 leather armour
Jewellery
 o - an uncursed ring of fire
Wands
 E - a wand of flame (28/48)
Scrolls
 g - a scroll of amnesia
 z - a scroll of teleportation {unknown}
 A - a scroll of enchant weapon {unknown}
Potions
 d - a potion of might
 h - 2 potions of lignification {unknown}
 u - a potion of curing {unknown}
 B - a potion of berserk rage {unknown}


   Skills:
 + Level 4.3 Fighting
 + Level 5.2 Axes
 + Level 4.3 Armour
 + Level 1.2 Dodging
 + Level 0.1 Stealth
 + Level 4.2 Shields


You had 5 spell levels left.
You didn't know any spells.

Dungeon Overview and Level Annotations

Branches:
Dungeon (4/15)
 Temple: D:4-7

Altars:
Cheibriados
Elyvilon
Hepliaklqana
Okawaru
The Shining One

Annotations:
D:2 2


Message History

A puff of flame appears from out of thin air!
The puff of flame misses you.
A magic dart appears from out of thin air!
The magic dart hits you!
* * * LOW HITPOINT WARNING * * *
The orc wizard points at you and mumbles some strange words.
The magic dart hits something.
Reactivating autopickup.
You have reached level 6!
Your experience leads to an increase in your attributes!
Increase (S)trength, (I)ntelligence, or (D)exterity?
You feel stronger.
You feel a bit more experienced.
As you read the scroll labeled AHIOLI KOPN, it crumbles to dust.
You feel blessed for a moment.
It was a scroll of remove curse.
The orc wizard hits you but does no damage.
You are too injured to fight recklessly!
The orc wizard points at you and mumbles some strange words.
The puff of flame hits you!
You die...

### ... ..# .. .# ..# .#.#.
###..# _... .#_#..# .#.#
.#'#..#####.## ...# .....#
#.....# ..# #....# #.##..####.#
##+## #...## #.##.....@.# ##...##
###.# #.##..###o## ##.....##
....# #.##....#o# ##.......## #
....####.##......###.........####
.#.................o.........'...
....#########...####.........####
....# ##...# ##.......## # #.###
###.# ##.....## #.# #.# ##...##


You could see an orc wizard and an orc.

Vanquished Creatures
  A scorpion (D:4)
  A howler monkey (D:4)
  An iguana (D:4)
  3 adders (D:2)
  An ooze (D:4)
  2 dart slugs
  A worm (D:4)
  3 leopard geckos
  A ball python (D:4)
  6 bats
  3 giant cockroaches (D:1)
  2 hobgoblins
  3 jackals (D:1)
  5 kobolds
  A frilled lizard (D:4)
  6 goblins
  6 rats
46 creatures vanquished.

Vanquished Creatures (others)
  An orc wizard (D:4)
  A giant cockroach (D:2)
  5 hobgoblins (D:2)
  2 frilled lizards (D:2)
  4 goblins (D:2)
13 creatures vanquished.

Grand Total: 59 creatures vanquished

Notes
Turn   | Place    | Note
-------+----------+-------------------------------------------
     0 | D:1      | Yam1 the Hill Orc Fighter began the quest for the Orb.
     0 | D:1      | Reached XP level 1. HP: 19/19 MP: 1/1
   325 | D:1      | Reached XP level 2. HP: 17/27 MP: 2/2
   344 | D:1      | Reached skill level 3 in Axes
  1376 | D:1      | h
  1407 | D:2      | Reached XP level 3. HP: 33/33 MP: 3/3
  1444 | D:2      | Found a hazy altar of Hepliaklqana.
  2015 | D:2      | Reached XP level 4. HP: 21/40 MP: 4/4
  2304 | D:4      | Found a glowing golden altar of the Shining One.
  2309 | D:4      | Reached skill level 4 in Axes
  2309 | D:4      | Reached XP level 5. HP: 46/46 MP: 5/5
  2358 | D:4      | Found a snail-covered altar of Cheibriados.
  2388 | D:4      | Reached skill level 1 in Dodging
  2457 | D:4      | Found a white marble altar of Elyvilon.
  2579 | D:4      | Reached skill level 5 in Axes
  2670 | D:4      | Found an iron altar of Okawaru.
  2672 | D:4      | Reached XP level 6. HP: 4/52 MP: 6/6
  2675 | D:4      | Killed from afar by an orc wizard

Skill      XL: |  1  2  3  4  5 |
---------------+----------------+-----
Axes           | 3 4 5 |  5.2
Fighting       | 4 |  4.3
Shields        | 4 |  4.2
Armour         | 4 |  4.3
Dodging        | 1 |  1.2
Stealth        | |  0.1

Action                   |  1- 3 |  4- 6 || total
-------------------------+-------+-------++-------
Melee: War axe           |    84 |    65 ||   149
       Unarmed           |     6 |       ||     6
Throw: Stone             |     1 |     4 ||     5
  Use: Scroll            |     3 |     1 ||     4
  Eat: Bread ration      |     1 |       ||     1
Armor: Scale mail        |    58 |    29 ||    87
Dodge: Dodged            |    45 |    27 ||    72
Block: Shield            |    57 |    34 ||    91
